 Dungeon Crawl Stone Soup version 0.24.0-1-gfbc8707 (webtiles) character file.

Game seed: 5228467022378450746, levelgen mode: deterministic

229 Buxparty the Skirmisher (level 5, 0/41 HPs)
             Began as a Mummy Gladiator on Jan 3, 2020.
             Slain by a gnoll
             ... wielding a +0 spear
              (2 damage)
             ... on level 4 of the Dungeon on Jan 4, 2020.
             The game lasted 00:07:45 (3333 turns).

Buxparty the Skirmisher (Mummy Gladiator)           Turns: 3333, Time: 00:07:45

Health: 0/41       AC:  4    Str: 19    XL:     5   Next: 71%
Magic:  5/5        EV:  7    Int:  7    God:
Gold:   148        SH:  0    Dex: 13    Spells: 4/4 levels left

rFire    x . .     SeeInvis .   g - +1 short sword (elec)
rCold    + . .     Gourm    .   (no shield)
rNeg     + + +     Faith    .   b - +0 leather armour
rPois    ∞         Spirit   .   c - +0 helmet
rElec    .         Reflect  .   (no cloak)
rCorr    +         Harm     .   (no gloves)
MR       .....                  (no boots)
Stlth    ++........             (no amulet)
HPRegen  0.13/turn              f - ring of stealth
MPRegen  0.09/turn              o - ring of resist corrosion

@: held
A: no food or potions, fire vulnerability, cold resistance 1, negative energy
resistance 3, torment resistance, unbreathing
a: no special abilities


You were on level 4 of the Dungeon.
You were not hungry.

You visited 1 branch of the dungeon, and saw 4 of its levels.

You collected 148 gold pieces.

Inventory:

Hand Weapons
 a - a +0 war axe
 g - a +1 short sword of electrocution (weapon)
 m - a +2 dagger of electrocution
Missiles
 d - 3 throwing nets (quivered)
Armour
 b - a +0 leather armour (worn)
 c - a +0 helmet (worn)
Jewellery
 f - a ring of stealth (left hand)
 i - an uncursed ring of fire
 o - a ring of resist corrosion (right hand)
 p - a cursed ring of attention {unknown}
Wands
 q - a wand of clouds (5)
Scrolls
 e - 3 scrolls of remove curse
 h - a scroll of teleportation {unknown}
 j - 2 scrolls of amnesia {unknown}
 k - a scroll of enchant weapon {unknown}
 l - 2 scrolls of fear {unknown}
 n - a scroll of random uselessness {unknown}


   Skills:
 + Level 3.4 Fighting
 * Level 2.1 Short Blades
 - Level 3.3 Axes
 - Level 1.5 Throwing
 + Level 3.3 Dodging


You had 4 spell levels left.
You didn't know any spells.
Your spell library was empty.

Dungeon Overview and Level Annotations

Branches:
Dungeon (4/15)
 Temple: D:4-7

Altars:
Cheibriados
Okawaru
Trog
Uskayaw
Xom

Annotations:
D:3 1 runed translucent door, Gigglenaut's ghost, amateur GnSk


Innate Abilities, Weirdness & Mutations

You do not eat or drink.
Your flesh is vulnerable to fire.
You are immune to poison.
Your flesh is cold resistant. (rC+)
You are immune to negative energy. (rN+++)
You are immune to unholy pain and torment.
You can survive without breathing.


Message History

* * * LOW HITPOINT WARNING * * *
You puncture the gnoll!
The gnoll is almost dead.
The gnoll closely misses you.
You hit the gnoll but do no damage.
The gnoll is almost dead.
The gnoll barely misses you.
The gnoll hits you from afar with a +0 spear.
* * * LOW HITPOINT WARNING * * *
You hit the gnoll.
You kill the gnoll!
The gnoll hits you from afar with a +0 spear.
* * * LOW HITPOINT WARNING * * *
The gnoll throws a throwing net.
The throwing net hits you.
You become entangled in the net!
You see here a throwing net.
You tear a large gash into the net.
You struggle against the net.
The gnoll hits you from afar with a +0 spear.
You die...

#.#...#.##.# ..####.
#.#...#.##.# ..#....
#.###.#.##.#### ### ###+###
#. #.#.#...... ..#
######.### # .#.#####=# #.#
#......... #.
.........###.### #.....#...
.. ............[..
#.....#... #.
#.......###.######..#[.#..#
#
........g.@.....##..#..#..#
...########.....'...#######
# #....###..#..#..# #†##.#
#..#..#..# #.##.#
#.....#... #....#
#.....#... ......
#......... ......
######.### .......# #'###


You could see a gnoll.

Vanquished Creatures
  A hound (D:3)
  A worker ant (D:4)
  A howler monkey skeleton (D:4)
  4 adders
  2 gnolls (D:4)
  2 oozes
  An adder zombie (D:3)
  An adder skeleton (D:4)
  4 worms
  5 leopard geckos
  An orc (D:4)
  A ball python (D:2)
  A giant cockroach (D:1)
  9 goblins
  10 hobgoblins
  2 jackals (D:4)
  2 quokkas
  7 bats
  4 frilled lizards
  11 kobolds
  12 rats
82 creatures vanquished.

Vanquished Creatures (others)
  A plant (D:1)
1 creature vanquished.

Grand Total: 83 creatures vanquished

Notes
Turn   | Place    | Note
-------+----------+-------------------------------------------
     0 | D:1      | Buxparty the Mummy Gladiator began the quest for the Orb.
     0 | D:1      | Reached XP level 1. HP: 16/16 MP: 1/1
   123 | D:1      | Reached XP level 2. HP: 10/22 MP: 2/2
   845 | D:1      | Reached XP level 3. HP: 28/28 MP: 3/3
  1462 | D:2      | Reached XP level 4. HP: 32/34 MP: 4/4
  2107 | D:3      | Reached skill level 1 in Short Blades
  2371 | D:3      | Found a runed translucent door.
  2372 | D:3      | Noticed Gigglenaut's ghost (amateur GnSk)
  2395 | D:3      | Reached XP level 5. HP: 34/41 MP: 5/5
  3086 | D:4      | Found a hide-covered altar of Uskayaw.
  3087 | D:4      | Found an iron altar of Okawaru.
  3089 | D:4      | Found a bloodstained altar of Trog.
  3091 | D:4      | Found a snail-covered altar of Cheibriados.
  3092 | D:4      | Found a shimmering altar of Xom.
  3330 | D:4      | HP: 1/41 [gnoll/+0 spear (4)]
  3333 | D:4      | Slain by a gnoll

Levels and vault maps discovered:
D:1:      saegor_arrival_miasma, layout_loops_cross, lexackson_kobold_supper
D:2:      layout_rooms, first_ration, minmay_statues_item
D:3:      layout_loops_ring, gammafunk_ghost_grave
D:4:      layout_basic, grunt_temple_overflow_open, kennysheep_generic_room_16

Skill      XL: |  1  2  3  4  5 |
---------------+----------------+-----
Axes           | 3 |  3.3
Dodging        | 3 |  3.3
Fighting       | 3 |  3.4
Short Blades   | 1 2 |  2.1
Throwing       | |  1.5

Action                   |  1- 3 |  4- 6 || total
-------------------------+-------+-------++-------
Melee: War axe           |   138 |     7 ||   145
       Short sword       |       |   153 ||   153
  Use: Scroll            |       |     1 ||     1
 Stab: Sleeping          |     3 |     2 ||     5
Armor: Leather armour    |    56 |    36 ||    92
Dodge: Dodged            |   108 |   114 ||   222
